[Event "Titled Tuesday Blitz May 23 Late 2023"]
[White "Srdanovic, Jovana"]
[Black "Martinez, Ayelen"]
[WhiteFideId "954810"]
[BlackFideId "118702"]
[WhiteElo "2169"]
[BlackElo "2125"]
[Result "0-1"]
[Round "02"]
[TimeControl "180+2"]
[Date "2023.05.23"]
[WhiteClock "0:00:02"]
[BlackClock "0:00:07"]

1. d4 Nf6 2. c4 g6 3. Nc3 Bg7 4. e4 O-O 5. h3 d6 6. Be3 c6 7. Nf3 e5 8. Bd3 exd4 9. Nxd4 Re8 10. O-O Nbd7 11. Qc2 Nc5 12. Rad1 Qe7 13. f3 Nh5 14. Rfe1 Ne6 15. Nxe6 Bxe6 16. b3 Be5 17. Ne2 Qh4 18. Bd4 Bxd4+ 19. Nxd4 Nf4 20. Nxe6 Rxe6 21. Bf1 Re5 22. Rxd6 Rg5 23. Red1 Nxh3+ 24. Kh2 Nf2+ 25. Kg1 Nh3+ 26. Kh2 Qg3+ 27. Kh1 Nf2+ 28. Kg1 Nxd1 29. Qxd1 Rh5 30. Rd8+ Rxd8 31. Qxd8+ Kg7 32. Qd2 Qh2+ 33. Kf2 Qh4+ 34. Ke2 Qg3 35. Qd4+ Kh6 36. Qd8 Qe5 37. Qf8+ Qg7 38. Qd6 Qb2+ 39. Ke1 Qc1+ 40. Kf2 Qc2+ 41. Kg1 Rg5 42. Qf8+ Kh5 43. Qd6 Kh6 44. Qf8+ Kh5 45. g4+ Kh4 46. Qh6+ Kg3 47. Qh3+ Kf4 48. Qh2+ Qxh2+ 49. Kxh2 Kxf3 50. Bg2+ Kf2 51. Kh3 Ke3 52. Kh4 Re5 53. g5 Kf4 54. Kh3 Rxg5 55. Kh2 Ke3 56. Kh1 Ke2 57. a3 Kf2 58. Bh3 Rh5 59. Kh2 g5 60. b4 g4 0-1


[Site "https://www.chess.com"]

[Event "Titled Tuesday Blitz May 23 Late 2023"]
[White "De Souza, Cristiano Gomes"]
[Black "Jimenez Almeida, Luis David"]
[WhiteFideId "2151758"]
[BlackFideId "22242244"]
[WhiteElo "2068"]
[BlackElo "2245"]
[Result "0-1"]
[Round "02"]
[TimeControl "180+2"]
[Date "2023.05.23"]
[WhiteClock "0:00:31"]
[BlackClock "0:00:18"]

1. d4 g6 2. c4 Bg7 3. Nf3 f5 4. Nc3 Nf6 5. b3 O-O 6. Bb2 d6 7. e3 Qe8 8. Nb5 Na6 9. Be2 c6 10. Na3 Ne4 11. O-O Nc7 12. Nd2 Nxd2 13. Qxd2 e5 14. dxe5 dxe5 15. Bc3 Be6 16. Qb2 Bf7 17. f4 Qe7 18. Rae1 Rfe8 19. Bd1 Ne6 20. Bxe5 Bxe5 21. fxe5 Nc5 22. Bc2 Qxe5 23. Qxe5 Rxe5 24. Nb1 Rae8 25. Kf2 a5 26. Nc3 Kg7 27. Re2 h5 28. Rfe1 g5 29. g3 Kf6 30. e4 Bg6 31. exf5 Bxf5 32. Rxe5 Rxe5 33. Rxe5 Kxe5 34. Bxf5 Kxf5 35. Ke3 Ke5 36. h3 g4 37. hxg4 hxg4 38. Ne2 Ne4 39. a3 c5 40. Nc1 b6 41. Nd3+ Kf5 42. b4 cxb4 43. axb4 a4 44. c5 bxc5 45. bxc5 a3 46. Nb4 Nxc5 47. Kd4 Ne4 48. Nc2 a2 49. Kc4 Nxg3 50. Kb3 Nf1 51. Kxa2 g3 52. Ne1 Ke4 53. Kb2 Ke3 54. Kc2 Ke2 55. Ng2 Ne3+ 56. Nxe3 Kxe3 57. Kc3 g2 58. Kc4 g1=Q 59. Kc5 Qd1 60. Kc6 Qd4 61. Kb5 Ke4 62. Kc6 Ke5 63. Kb5 Qd5+ 64. Kb4 Kd6 65. Kc3 Kc5 66. Kb2 Qd4+ 67. Kc2 Kc4 68. Kc1 Qf2 69. Kd1 Kc3 0-1


[Site "https://www.chess.com"]

[Event "Titled Tuesday Blitz May 23 Late 2023"]
[White "Goncalves, Davi Sulzbacher"]
[Black "Chakravarthi Reddy, M"]
[WhiteFideId "2154510"]
[BlackFideId "25009532"]
[WhiteElo "2182"]
[BlackElo "2201"]
[Result "1-0"]
[Round "02"]
[TimeControl "180+2"]
[Date "2023.05.23"]
[WhiteClock "0:00:11"]
[BlackClock "0:00:16"]

1. b3 d5 2. Bb2 c6 3. e3 Nf6 4. g3 e6 5. Bg2 Nbd7 6. Ne2 Bd6 7. O-O O-O 8. d3 e5 9. Nd2 Re8 10. c4 Qe7 11. Qc2 b6 12. Rac1 Bb7 13. Qb1 Rac8 14. Qa1 c5 15. cxd5 Bxd5 16. Nc4 Bb8 17. Rfd1 h6 18. a3 Rcd8 19. h3 Nf8 20. b4 b5 21. Na5 cxb4 22. axb4 Rc8 23. Nc6 Bxc6 24. Bxc6 Rxc6 25. Rxc6 Qd7 26. Rdc1 Qxh3 27. Rxf6 gxf6 28. Qa6 Ne6 29. Qxb5 Rf8 30. Qb7 Ng5 31. f4 exf4 32. exf4 Qg4 33. Qg2 Nh3+ 34. Kh2 Re8 35. Nd4 Bd6 36. Qxh3 Qg6 37. Qf5 Qg7 38. Rc6 Bxb4 39. Qxf6 Qxf6 40. Rxf6 Bc5 41. Kh3 Rd8 42. Nf5 Rxd3 43. Rxh6 Kf8 44. Rh8# 1-0


[Site "https://www.chess.com"]

[Event "Titled Tuesday Blitz May 23 Late 2023"]
[White "Kiselev, Pavel"]
[Black "Urbina Perez, Juan Antonio"]
[WhiteFideId "4191102"]
[BlackFideId "2217368"]
[WhiteElo "2145"]
[BlackElo "2197"]
[Result "0-1"]
[Round "02"]
[TimeControl "180+2"]
[Date "2023.05.23"]
[WhiteClock "0:00:00"]
[BlackClock "0:00:18"]

1. Nf3 Nf6 2. g3 d5 3. Bg2 e6 4. O-O Be7 5. d4 O-O 6. b3 b6 7. Bb2 Bb7 8. Ne5 Nbd7 9. c4 Qc8 10. Nd2 Nxe5 11. dxe5 Nd7 12. e4 dxc4 13. Nxc4 Rd8 14. Qe2 Ba6 15. Rfd1 Nc5 16. Rxd8+ Qxd8 17. Rd1 Qe8 18. Qd2 Rd8 19. Qc2 Rxd1+ 20. Qxd1 Bxc4 21. bxc4 Qd7 22. Qe2 Qd3 23. Qxd3 Nxd3 24. Bc3 Bc5 25. Kf1 Nxf2 26. Ke2 a5 27. a4 Kf8 28. h3 Ke7 29. Be1 Nxh3 30. Bxh3 g6 31. Bd2 Bd4 32. Kd3 Bxe5 33. Bf4 Bxf4 34. gxf4 c5 35. e5 Kf8 36. Ke4 Kg7 37. Kf3 h6 38. Kg4 Kh7 39. Kh4 Kg7 40. Bg2 Kh7 41. Kg4 Kg7 42. Kf3 Kh7 43. Ke4 Kg7 44. Bh3 Kh7 45. Ke3 Kg7 46. Bg2 Kh7 47. Bc6 Kg7 48. Ke4 Kh7 49. Bd7 Kg7 50. Be8 Kf8 51. Bb5 Kg7 52. Kf3 Kf8 53. Kg4 Kg7 54. f5 gxf5+ 55. Kf4 f6 56. Bd7 Kf7 57. Bc8 h5 58. Bb7 h4 59. Bg2 Kg6 60. Bh3 Kf7 61. Bf1 Kg6 62. Bg2 Kf7 63. Bh3 Kg6 64. Bg2 Kf7 65. Bc6 h3 66. exf6 Kxf6 67. Kg3 Ke5 68. Kxh3 Kd6 69. Bb7 Ke5 70. Kg3 Kd4 71. Ba6 e5 72. Kf3 e4+ 73. Ke2 f4 74. Bb7 f3+ 75. Kf2 Kd3 76. Bd5 e3+ 77. Ke1 f2+ 78. Kf1 Kd2 79. Bf3 Kc3 80. Be2 Kb4 81. Bd1 Kxc4 82. Ke2 Kd4 83. Bc2 c4 84. Bg6 Kc3 85. Bf5 Kb2 86. Be4 c3 87. Kxe3 f1=Q 0-1


[Site "https://www.chess.com"]

[Event "Titled Tuesday Blitz May 23 Late 2023"]
[White "Stork, Oliver"]
[Black "Palacio,Igor Da Paz"]
[WhiteFideId "12955728"]
[BlackFideId "2121140"]
[WhiteElo "2239"]
[BlackElo "2126"]
[Result "0-1"]
[Round "02"]
[TimeControl "180+2"]
[Date "2023.05.23"]
[WhiteClock "0:01:21"]
[BlackClock "0:00:07"]

1. c4 Nf6 2. Nc3 c5 3. e4 d6 4. Nf3 Nc6 5. d4 Bg4 6. d5 Nd4 7. Be2 Bxf3 8. Bxf3 g6 9. Be3 Nxf3+ 10. Qxf3 Bg7 11. h4 h5 12. O-O Ng4 13. Bf4 Ne5 14. Qe2 O-O 15. Bxe5 Bxe5 16. f4 Bd4+ 17. Kh1 e6 18. g3 Kg7 19. Qf3 Qf6 20. Rae1 Bxc3 21. bxc3 Rae8 22. Qd3 b6 23. e5 Qf5 24. Qxf5 exf5 25. exd6 Rd8 26. Re7 Rxd6 27. Rfe1 a6 28. Ra7 b5 29. cxb5 axb5 30. Re5 b4 31. cxb4 cxb4 32. Rb7 Rfd8 33. Rxb4 Rxd5 34. Rxd5 Rxd5 35. Rb1 Rd2 36. Ra1 Rd4 37. a4 Rd6 38. a5 Ra6 39. Kg2 Kf6 40. Kf3 Ke6 41. Ke3 Kd5 42. Kd3 Kc5 43. Ra2 Rd6+ 44. Kc3 Ra6 45. Kd3 Rd6+ 46. Ke3 Re6+ 47. Kf3 Ra6 48. Ke3 Re6+ 49. Kd2 Rd6+ 50. Kc3 Ra6 51. Ra4 Kb5 52. Rb4+ Kc5 53. Rb7 Rxa5 54. Rxf7 Ra3+ 55. Kc2 Rxg3 56. Rf6 Rg4 57. Kd3 Rg3+ 58. Ke2 Kd4 59. Kf2 Rg4 60. Kf3 Kd5 61. Ra6 Kd4 62. Ra4+ Kd5 63. Ra5+ Ke6 64. Ra6+ Kf7 65. Ra7+ Kf6 66. Ra6+ Kg7 67. Ra7+ Kh6 68. Rb7 Rxh4 69. Ra7 Rh3+ 70. Kg2 Rd3 71. Ra6 h4 72. Ra7 Kh5 73. Rh7+ Kg4 74. Ra7 Kxf4 75. Ra4+ Kg5 76. Rb4 f4 77. Ra4 Kg4 78. Rb4 Rd2+ 79. Kg1 g5 80. Ra4 Kg3 81. Ra3+ f3 82. Ra1 Rg2+ 83. Kh1 Rh2+ 84. Kg1 f2+ 85. Kf1 Rh1+ 86. Ke2 Rxa1 87. Ke3 f1=Q 88. Ke4 Re1+ 89. Kd5 Re2 90. Kc5 Qd1 91. Kb5 Rc2 92. Kb4 Qb1+ 0-1


[Site "https://www.chess.com"]

[Event "Titled Tuesday Blitz May 23 Late 2023"]
[White "Yeritsyan, Hayk"]
[Black "Chyngyz, Sultai"]
[WhiteFideId "13307320"]
[BlackFideId "13803158"]
[WhiteElo "2456"]
[BlackElo "1408"]
[Result "0-1"]
[Round "02"]
[TimeControl "180+2"]
[Date "2023.05.23"]
[WhiteClock "0:01:07"]
[BlackClock "0:01:20"]

1. d4 Nf6 2. Nf3 g6 3. Bf4 Bg7 4. h3 O-O 5. e3 d6 6. c3 Nbd7 7. Be2 b6 8. O-O Bb7 9. Bh2 Re8 10. Nbd2 e5 11. Nc4 e4 12. Nfd2 d5 13. Na3 c5 14. Nb5 Rf8 15. Qb3 a6 16. Nc7 Ra7 17. a4 c4 18. Qa3 Ne8 19. Nxe8 Rxe8 20. b3 cxb3 21. Qxb3 Qf6 22. c4 dxc4 23. Nxc4 Bd5 24. Qb4 Bf8 25. Qb2 Rc8 26. Rfc1 Rb7 27. Ne5 Rxc1+ 28. Rxc1 Nxe5 29. Bxe5 Qd8 30. Bxa6 Ra7 31. Rc8 Qd7 32. Qb4 Qxc8 33. Bxc8 Bxb4 34. g4 Rxa4 35. Bd7 Ra1+ 36. Kg2 Be1 37. Bc7 Ra2 38. Bxb6 Rxf2+ 39. Kg1 Rf3 40. Kg2 Rxe3 41. Kf1 Bc3 42. Kf2 Rd3 43. Bb5 Bxd4+ 44. Ke2 Re3+ 45. Kd2 Bxb6 0-1


[Site "https://www.chess.com"]

[Event "Titled Tuesday Blitz May 23 Late 2023"]
[White "Arias Igual, Alejandro"]
[Black "Rottenwohrer Suarez, Juan"]
[WhiteFideId "2254905"]
[BlackFideId "32068182"]
[WhiteElo "2179"]
[BlackElo "2174"]
[Result "0-1"]
[Round "02"]
[TimeControl "180+2"]
[Date "2023.05.23"]
[WhiteClock "0:00:00"]
[BlackClock "0:00:04"]

1. e4 c5 2. Nf3 g6 3. d4 cxd4 4. Nxd4 Nc6 5. Nc3 Bg7 6. Be3 Nf6 7. Bc4 O-O 8. Bb3 d5 9. exd5 Na5 10. O-O Nxb3 11. axb3 Nxd5 12. Nxd5 Qxd5 13. c3 a6 14. h3 Rd8 15. Qe2 e5 16. c4 Qe4 17. Nf3 Bf5 18. Rfd1 Qc2 19. Qxc2 Bxc2 20. Rxd8+ Rxd8 21. b4 e4 22. Nd2 Bd3 23. Ra2 f5 24. b3 Bc3 25. Ra4 Be2 26. Ra2 Bd1 27. b5 axb5 28. cxb5 Bd4 29. Kf1 Bxe3 30. fxe3 Rd3 31. Ra8+ Kg7 32. Ke1 Bxb3 33. Rc8 Rxe3+ 34. Kf2 Rd3 35. Nxb3 Rxb3 36. Rc7+ Kf6 37. Rxb7 h6 38. h4 f4 39. b6 Rb2+ 40. Kf1 Kf5 41. Rb8 Kg4 42. b7 g5 43. hxg5 hxg5 44. Re8 Rxb7 45. Rxe4 Kg3 46. Re1 Rb2 0-1


[Site "https://www.chess.com"]

[Event "Titled Tuesday Blitz May 23 Late 2023"]
[White "Dobre, Claudiu-Cristian"]
[Black "Thiel, Thomas"]
[WhiteFideId "1211854"]
[BlackFideId "4615964"]
[WhiteElo "2207"]
[BlackElo "2227"]
[Result "1-0"]
[Round "02"]
[TimeControl "180+2"]
[Date "2023.05.23"]
[WhiteClock "0:00:11"]
[BlackClock "0:00:00"]

1. e4 d5 2. exd5 Nf6 3. Bb5+ Nbd7 4. c4 a6 5. Ba4 b5 6. cxb5 Nxd5 7. Nc3 N5b6 8. Bb3 e6 9. d4 Be7 10. Nge2 axb5 11. Nxb5 Ba6 12. Nbc3 c5 13. Be3 O-O 14. O-O cxd4 15. Nxd4 Bxf1 16. Nc6 Qe8 17. Nxe7+ Qxe7 18. Qxf1 Nc5 19. Bc2 Nd5 20. Nxd5 exd5 21. Rc1 Ne4 22. Bb3 Rfd8 23. Rd1 Qe5 24. f3 Ng3 25. Qf2 Nf5 26. Bb6 Rd7 27. g4 Ne7 28. Re1 Qf6 29. Bd4 Qd6 30. Bc5 Qf6 31. Bxe7 Rxe7 32. Rxe7 Qxe7 33. Bxd5 Rd8 34. Be4 Qb4 35. Qc2 Qd2 36. Qxd2 Rxd2 37. b4 Rxa2 38. b5 Rb2 39. Bc6 Kf8 40. h4 Ke7 41. h5 h6 42. Kf1 Kd6 43. Ke1 Kc5 44. Kd1 f6 45. Kc1 Rh2 46. Kd1 Kb6 47. Kc1 f5 48. Kd1 fxg4 49. fxg4 Rh4 50. Bd7 Kc7 51. Bf5 Rh2 52. Kc1 Kb6 53. Bd7 Kc5 54. Kb1 Rd2 55. Be8 Rd4 56. Kc2 Rxg4 57. Kd3 Rb4 58. Ke3 1-0


[Site "https://www.chess.com"]

[Event "Titled Tuesday Blitz May 23 Late 2023"]
[White "Clawitter, Craig"]
[Black "Koutlas, Nikolaos"]
[WhiteFideId "2023105"]
[BlackFideId "25827138"]
[WhiteElo "2224"]
[BlackElo "2215"]
[Result "0-1"]
[Round "02"]
[TimeControl "180+2"]
[Date "2023.05.23"]
[WhiteClock "0:00:00"]
[BlackClock "0:00:35"]

1. e4 e6 2. d4 d5 3. e5 c5 4. c3 Nc6 5. Nf3 Bd7 6. Be2 f6 7. O-O fxe5 8. dxe5 Nh6 9. Bd3 Nf7 10. Bf4 g5 11. Bg3 g4 12. Nh4 Ncxe5 13. Re1 Bg7 14. Bc2 O-O 15. h3 Qg5 16. hxg4 Nxg4 17. Nd2 Nfe5 18. Ndf3 Nxf3+ 19. Nxf3 Qh6 20. Bd6 Rf7 21. c4 e5 22. Qxd5 Bc6 0-1


[Site "https://www.chess.com"]

[Event "Titled Tuesday Blitz May 23 Late 2023"]
[White "Bilan, Danila"]
[Black "Parizek, Vojtech"]
[WhiteFideId "24161918"]
[BlackFideId "360996"]
[WhiteElo "2182"]
[BlackElo "2115"]
[Result "1-0"]
[Round "02"]
[TimeControl "180+2"]
[Date "2023.05.23"]
[WhiteClock "0:00:09"]
[BlackClock "0:00:00"]

1. d4 d5 2. Nf3 Nf6 3. c4 c6 4. Nc3 e6 5. Bg5 Nbd7 6. cxd5 exd5 7. e3 Be7 8. Bd3 O-O 9. Qc2 Re8 10. O-O Nf8 11. Rab1 Ng6 12. b4 Ne4 13. Bxe7 Qxe7 14. b5 Bg4 15. Nd2 Rac8 16. bxc6 Rxc6 17. Ndxe4 dxe4 18. Bb5 Bf3 19. gxf3 Nh4 20. Kh1 Rh6 21. Qxe4 Qxe4 22. fxe4 Nf3 23. Kg2 Nh4+ 24. Kg3 Ree6 25. f4 Reg6+ 26. Kf2 Rg2+ 27. Ke1 Rc2 28. Ne2 Ng2+ 29. Kf2 Rxh2 30. Kg3 Nxe3 31. Kxh2 Nxf1+ 32. Rxf1 Rb2 33. Bd3 Rd2 34. Bc4 1-0


[Site "https://www.chess.com"]

[Event "Titled Tuesday Blitz May 23 Late 2023"]
[White "Coelho, Ramyres Santana"]
[Black "Papayan, Oleg"]
[WhiteFideId "2120690"]
[BlackFideId "4193911"]
[WhiteElo "1888"]
[BlackElo "2171"]
[Result "0-1"]
[Round "02"]
[TimeControl "180+2"]
[Date "2023.05.23"]
[WhiteClock "0:00:00"]
[BlackClock "0:00:37"]

1. e4 e5 2. Nf3 Nc6 3. d4 exd4 4. Bc4 Nf6 5. e5 d5 6. Bb5 Ne4 7. Nxd4 Bc5 8. Nxc6 Bxf2+ 9. Kf1 bxc6 10. Bxc6+ Bd7 11. Qxd5 O-O 12. Qxe4 Bxc6 13. Qxc6 Qd1+ 14. Kxf2 Qxh1 15. Nc3 Rae8 16. Qd5 Re6 17. g3 Qxh2+ 18. Qg2 Qh5 19. Bf4 g5 20. Rh1 Qg6 21. Be3 Qxc2+ 22. Ne2 Rxe5 23. Qh3 Rfe8 24. Qh5 Qf5+ 25. Nf4 Rxe3 0-1


[Site "https://www.chess.com"]

[Event "Titled Tuesday Blitz May 23 Late 2023"]
[White "Almedina Ortiz, Edgardo J."]
[Black "Shapiro, Viktor"]
[WhiteFideId "3100197"]
[BlackFideId "4175700"]
[WhiteElo "2217"]
[BlackElo "2152"]
[Result "1/2-1/2"]
[Round "02"]
[TimeControl "180+2"]
[Date "2023.05.23"]
[WhiteClock "0:00:18"]
[BlackClock "0:01:10"]

1. d4 Nf6 2. c4 e6 3. Nc3 Bb4 4. Qc2 c5 5. dxc5 Na6 6. a3 Bxc3+ 7. Qxc3 Nxc5 8. b4 Nce4 9. Qb2 d5 10. cxd5 exd5 11. Be3 O-O 12. Nf3 a5 13. b5 b6 14. Bd4 Bb7 15. h3 Nd6 16. e3 Rc8 17. Bd3 Nc4 18. Qa2 Ne4 19. O-O Qd7 20. a4 Qe6 21. Rac1 Rc7 22. Ne5 Rfc8 23. Bxe4 dxe4 24. Nxc4 Bd5 25. Qb2 Bxc4 26. Rfd1 f6 27. Rc3 Bd3 28. Rdc1 Rc4 29. Rxc4 Rxc4 30. Rxc4 Qxc4 31. Qc3 Qxc3 32. Bxc3 Bc2 33. Bd4 Bxa4 34. Bxb6 Bxb5 35. Bxa5 Kf7 36. f3 Bc6 37. fxe4 Bxe4 38. Kf2 g5 39. g3 Kg6 40. Bd8 h5 41. h4 Kf5 42. Be7 Bc6 43. Bd8 g4 44. Be7 Bb5 45. Bd8 Ke6 46. Bc7 Kd5 47. Bf4 Ke4 48. Bc7 Kd3 49. Bd8 f5 50. Bg5 Bc6 51. Bf4 Bd5 52. Bg5 Bc6 53. Bf4 Bd5 54. Bg5 Bc6 1/2-1/2


[Site "https://www.chess.com"]

[Event "Titled Tuesday Blitz May 23 Late 2023"]
[White "Zeman, Matyas"]
[Black "Ward, Ieuan C"]
[WhiteFideId "364398"]
[BlackFideId "406627"]
[WhiteElo "2254"]
[BlackElo "2212"]
[Result "1-0"]
[Round "02"]
[TimeControl "180+2"]
[Date "2023.05.23"]
[WhiteClock "0:00:28"]
[BlackClock "0:00:00"]

1. d4 Nf6 2. Nf3 e6 3. Bf4 d5 4. e3 Bd6 5. Bg3 O-O 6. Nbd2 c5 7. c3 Nc6 8. Bd3 Re8 9. Ne5 Qc7 10. f4 b6 11. Bh4 Be7 12. Qf3 a5 13. Bb5 Bd7 14. Nxd7 Nxd7 15. Bxe7 Rxe7 16. Qh3 Rc8 17. Nf3 cxd4 18. exd4 Qxf4 19. O-O Nf6 20. Rae1 Qg4 21. Qxg4 Nxg4 22. Ng5 h6 23. Nh3 Nf6 24. Bd3 e5 25. dxe5 Rxe5 26. Nf4 Rce8 27. Rd1 d4 28. a4 dxc3 29. bxc3 Nb8 30. Bb5 Rc8 31. c4 Nc6 32. Nd5 Nxd5 33. cxd5 Nb4 34. d6 Rd8 35. d7 Rd5 36. Rxd5 Nxd5 37. Re1 1-0


[Site "https://www.chess.com"]

[Event "Titled Tuesday Blitz May 23 Late 2023"]
[White "Kielinkei"]
[Black "Kovacevic, Radmila"]
[BlackFideId "933171"]
[WhiteElo "2445"]
[BlackElo "2194"]
[Result "1-0"]
[Round "02"]
[TimeControl "180+2"]
[Date "2023.05.23"]
[WhiteClock "0:00:14"]
[BlackClock "0:00:09"]

1. d4 e5 2. dxe5 Nc6 3. Nf3 Qe7 4. Bf4 Qb4+ 5. Bd2 Qxb2 6. Nc3 Bb4 7. Rb1 Qxc3 8. Bxc3 Bxc3+ 9. Nd2 Bxe5 10. e3 Nf6 11. Bd3 O-O 12. O-O d5 13. h3 Bc3 14. Nf3 h6 15. Qe2 a6 16. Rb3 Ba5 17. c4 dxc4 18. Bxc4 b5 19. Bd3 Bb6 20. Rc1 Na5 21. Rb2 Re8 22. Qc2 Be6 23. Nd4 Bd5 24. Nb3 Nc4 25. Bxc4 Bxc4 26. Nd2 Bd5 27. a4 c6 28. axb5 axb5 29. Nb3 Be4 30. Qe2 Ra3 31. Nc5 Bd5 32. Qc2 Ne4 33. Nxe4 Bxe4 34. Qd2 Bd5 35. Rd1 Ba5 36. Qe2 Bc3 37. Rc2 Be4 38. Rcc1 b4 39. Qc4 Bd5 40. Qc5 Rea8 41. Rxd5 cxd5 42. Qxd5 Ra1 43. Rxa1 Rxa1+ 44. Kh2 Rf1 45. Qd8+ Kh7 46. Qd3+ g6 47. Qxf1 b3 48. Qd3 b2 49. Kg3 Be5+ 50. Kf3 h5 51. e4 Kg7 52. g3 Bf6 53. Ke3 Bg5+ 54. f4 Bf6 55. e5 Be7 56. Qc2 Ba3 57. Qb3 h4 58. g4 g5 59. f5 Bc5+ 60. Ke4 Ba3 61. Kd5 Kf8 62. Kc6 Ke8 63. Kb5 Ke7 64. Ka4 Bc5 65. Qxb2 f6 66. Qb7+ Ke8 67. e6 Be7 68. Qd7+ Kf8 69. Qc8+ Kg7 70. Qe8 Bf8 71. Qf7+ Kh6 72. Qxf8+ Kh7 73. Qf7+ 1-0


[Site "https://www.chess.com"]

[Event "Titled Tuesday Blitz May 23 Late 2023"]
[White "Cardozo Munar, Carlos Eduardo"]
[Black "Pires, Marcos Vinicius Torsani"]
[WhiteFideId "4409477"]
[BlackFideId "2118939"]
[WhiteElo "2067"]
[BlackElo "2273"]
[Result "1/2-1/2"]
[Round "02"]
[TimeControl "180+2"]
[Date "2023.05.23"]
[WhiteClock "0:00:22"]
[BlackClock "0:00:17"]

1. d4 Nf6 2. Bg5 g6 3. Bxf6 exf6 4. e3 Bg7 5. Nd2 O-O 6. g3 c6 7. Bg2 d5 8. Ne2 Re8 9. O-O Be6 10. c4 dxc4 11. a4 a5 12. Qc2 Nd7 13. Nxc4 Nb6 14. b3 Nd5 15. Rac1 Nb4 16. Qb1 f5 17. Nf4 Bd5 18. Nxd5 Nxd5 19. Rfd1 Nb4 20. Rd2 h5 21. Rcd1 Qc7 22. d5 cxd5 23. Bxd5 Bc3 24. Bf3 Bxd2 25. Rxd2 Rad8 26. Qd1 Rxd2 27. Qxd2 Rd8 28. Qc3 b6 29. Qf6 Nd5 30. Bxd5 Rxd5 31. Qxb6 Qxb6 32. Nxb6 Rd3 33. Nc4 Rd5 34. Kg2 Kf8 35. Kf3 Ke7 36. Ke2 Ke6 37. h4 Ke7 38. Ke1 Kd8 39. Ke2 Kc7 40. f3 Kb7 41. e4 fxe4 42. fxe4 Rc5 43. Ke3 Kc6 44. Kd4 g5 45. Ne5+ Kd6 46. Nxf7+ Kc6 47. Nxg5 Rc1 48. e5 Kd7 49. e6+ Ke7 50. Kd5 Rd1+ 51. Kc4 Rg1 52. b4 axb4 53. Kxb4 Rxg3 54. a5 Rg4+ 55. Kb5 Rxh4 56. a6 Rh1 57. a7 Rb1+ 58. Ka6 Ra1+ 59. Kb7 h4 60. a8=Q Rxa8 61. Kxa8 h3 62. Nxh3 Kxe6 1/2-1/2


[Site "https://www.chess.com"]

[Event "Titled Tuesday Blitz May 23 Late 2023"]
[White "Kaplan, Avi Harrison"]
[Black "Antonova, Nadezhda"]
[WhiteFideId "30934559"]
[BlackFideId "14700182"]
[WhiteElo "1983"]
[BlackElo "1799"]
[Result "1-0"]
[Round "02"]
[TimeControl "180+2"]
[Date "2023.05.23"]
[WhiteClock "0:00:27"]
[BlackClock "0:00:50"]

1. h4 d5 2. h5 h6 3. a4 c5 4. a5 Nc6 5. a6 bxa6 6. e3 a5 7. Nf3 e5 8. Bb5 Bd7 9. Bxc6 Bxc6 10. Nxe5 Bb7 11. d4 Nf6 12. Bd2 Bd6 13. Bxa5 Qe7 14. Nf3 O-O 15. Nbd2 c4 16. Qe2 Bc8 17. Ne5 Bxe5 18. dxe5 Qxe5 19. Bc3 Qe7 20. g4 Nxg4 21. Rg1 Qh4 22. Nf3 Qxh5 23. Ne5 f5 24. f3 Qh4+ 25. Kd2 Nxe5 26. Bxe5 Rf7 27. Qg2 Qe7 28. Bd4 Qb4+ 29. Bc3 Qe7 30. Qg6 Be6 31. Qxh6 Re8 32. Rg6 Bc8 33. Rh1 Rff8 34. Rxg7+ 1-0


[Site "https://www.chess.com"]

[Event "Titled Tuesday Blitz May 23 Late 2023"]
[White "Davtyan, David Arm."]
[Black "Sariego Figueredo, Wilfredo"]
[WhiteFideId "13310046"]
[BlackFideId "3500080"]
[WhiteElo "2274"]
[BlackElo "2309"]
[Result "0-1"]
[Round "02"]
[TimeControl "180+2"]
[Date "2023.05.23"]
[WhiteClock "0:00:17"]
[BlackClock "0:00:08"]

1. e4 c5 2. Nc3 a6 3. g3 b5 4. Bg2 Bb7 5. d3 Nf6 6. Be3 e6 7. Qd2 Be7 8. Nge2 d5 9. exd5 exd5 10. d4 cxd4 11. Nxd4 O-O 12. O-O Nbd7 13. Rfe1 Bb4 14. Bg5 Qa5 15. Nb3 Bxc3 16. bxc3 Qc7 17. Rad1 Rfe8 18. Bf4 Qb6 19. Be3 Qc7 20. Bf4 Qc4 21. Na5 Rxe1+ 22. Rxe1 Qc8 23. Re7 Qd8 24. Qe3 Qxa5 25. Bd6 h6 26. Bh3 Qxa2 27. Bxd7 Qb1+ 28. Qe1 Qxe1+ 29. Rxe1 Nxd7 30. Re7 Bc6 31. Kf1 a5 32. Ke1 a4 33. Ba3 Nb6 34. Rc7 Rc8 35. Ra7 Nc4 36. Bb4 a3 37. Bxa3 Nxa3 38. Rxa3 Bd7 39. Kd2 Be6 40. Ra7 Rc5 41. Ra8+ Kh7 42. Rb8 Kg6 43. f3 Bf5 44. g4 Be6 45. h3 h5 46. Rg8 hxg4 47. hxg4 Kf6 48. Rb8 g5 49. Rb6 Ke5 50. Kd3 Kf4 51. Kd4 Rc4+ 52. Kd3 Kxf3 53. Rxb5 Rxg4 54. Rb8 Rf4 55. Rg8 g4 56. c4 g3 57. c5 g2 58. c6 Rg4 59. Rxg4 Kxg4 0-1


[Site "https://www.chess.com"]

[Event "Titled Tuesday Blitz May 23 Late 2023"]
[White "Chlpik, Martin"]
[Black "Kovalevsky, Stanislav"]
[WhiteFideId "14923351"]
[BlackFideId "13508598"]
[WhiteElo "2109"]
[BlackElo "2174"]
[Result "0-1"]
[Round "02"]
[TimeControl "180+2"]
[Date "2023.05.23"]
[WhiteClock "0:00:53"]
[BlackClock "0:02:00"]

1. d4 Nf6 2. Nf3 e6 3. e3 d5 4. Be2 Nbd7 5. O-O Bd6 6. b3 e5 7. dxe5 Nxe5 8. Bb2 Qe7 9. Nbd2 O-O 10. c4 c6 11. Rc1 a5 12. cxd5 Nxd5 13. Nc4 Nxc4 14. Bxc4 Bg4 15. Qd4 Nf6 16. e4 Bxf3 17. gxf3 Bf4 18. e5 Nh5 19. e6 Qg5+ 20. Kh1 Qh4 0-1


[Site "https://www.chess.com"]

[Event "Titled Tuesday Blitz May 23 Late 2023"]
[White "D`Arruda, Ricardo D."]
[Black "Prithu Gupta"]
[WhiteFideId "100692"]
[BlackFideId "46618546"]
[WhiteElo "2439"]
[BlackElo "2344"]
[Result "1-0"]
[Round "02"]
[TimeControl "180+2"]
[Date "2023.05.23"]
[WhiteClock "0:00:47"]
[BlackClock "0:00:00"]

1. d4 Nf6 2. Nf3 e6 3. g3 b5 4. Bg2 Bb7 5. O-O Be7 6. Bf4 O-O 7. a4 b4 8. c4 a5 9. h3 d6 10. Nbd2 Nbd7 11. g4 c5 12. e3 Rc8 13. Re1 Qb6 14. Rc1 d5 15. dxc5 Nxc5 16. Ne5 Rfd8 17. cxd5 Nxd5 18. Ndc4 Qa7 19. Qe2 Nxa4 20. Bg3 Nc5 21. Ra1 Nb3 22. Rad1 Ba6 23. Qf3 Bxc4 24. Qxf7+ Kh8 25. Nxc4 Rxc4 26. Qxe6 Nc5 27. Qf7 Rf8 28. Qxd5 Rc2 29. b3 a4 30. bxa4 b3 31. Qd4 b2 32. Be5 Kg8 33. Bd5+ 1-0


[Site "https://www.chess.com"]

[Event "Titled Tuesday Blitz May 23 Late 2023"]
[White "Mackster23"]
[Black "Brown, Raehanna"]
[BlackFideId "7402740"]
[WhiteElo "2437"]
[BlackElo "1655"]
[Result "1-0"]
[Round "02"]
[TimeControl "180+2"]
[Date "2023.05.23"]
[WhiteClock "0:00:03"]
[BlackClock "0:00:00"]

1. e4 c5 2. Nf3 Nc6 3. d4 cxd4 4. Nxd4 Nf6 5. Nc3 g6 6. Nxc6 bxc6 7. e5 Nh5 8. Be2 Ng7 9. O-O Ne6 10. Be3 d5 11. exd6 Qxd6 12. Bf3 Bb7 13. Qe2 Bg7 14. Qc4 O-O 15. Rad1 Qc7 16. b3 a5 17. Ne2 Ba6 18. Qa4 Bb5 19. Qa3 a4 20. Qb4 Rfb8 21. c4 Ba6 22. Qxa4 Bb7 23. Qb4 c5 24. Qd2 Bxf3 25. gxf3 Rd8 26. Qc2 Be5 27. h3 Bd4 28. Bxd4 cxd4 29. Rd3 Ra5 30. Kh1 Rh5 31. f4 Nxf4 32. Nxf4 Qxf4 33. Qe2 e5 34. Rfd1 e4 35. Rg3 d3 36. Qe3 Qf5 37. Kg2 Ra8 38. Rd2 Qe5 39. Rg4 f5 40. Rf4 Rf8 41. h4 Kg7 42. c5 h6 43. Qg3 g5 44. Rg4 Qf6 45. hxg5 hxg5 46. Qc7+ Rf7 47. Qg3 fxg4 48. Qxg4 Qf3+ 49. Qxf3 Rxf3 50. c6 Rf7 51. b4 g4 52. a4 Rh6 53. b5 Ra7 54. Rd1 Rh8 55. Ra1 Rha8 56. b6 Ra6 57. b7 Rd8 58. c7 Rd7 59. b8=Q 1-0


[Site "https://www.chess.com"]

[Event "Titled Tuesday Blitz May 23 Late 2023"]
[White "kiwibobo"]
[Black "Vega Gutierrez, Sabrina"]
[BlackFideId "2219026"]
[WhiteElo "2168"]
[BlackElo "2209"]
[Result "1-0"]
[Round "02"]
[TimeControl "180+2"]
[Date "2023.05.23"]
[WhiteClock "0:00:29"]
[BlackClock "0:00:00"]

1. e4 c5 2. Nf3 Nc6 3. d4 cxd4 4. Nxd4 Nf6 5. Nc3 e5 6. Ndb5 d6 7. Nd5 Nxd5 8. exd5 Nb8 9. a4 Be7 10. Be2 O-O 11. O-O Nd7 12. Bd2 a6 13. Na3 a5 14. Nb5 Nc5 15. c3 f5 16. f4 Ne4 17. Be3 exf4 18. Bxf4 g5 19. Be3 Bf6 20. Kh1 Be5 21. Bd4 g4 22. Bxe5 dxe5 23. d6 Be6 24. Nc7 Qf6 25. Nxa8 g3 26. Nc7 gxh2 27. Kxh2 Qh4+ 28. Kg1 Bf7 29. d7 Qg5 30. Qd3 1-0


[Site "https://www.chess.com"]